 Dungeon Crawl Stone Soup version 0.24-a0-443-g80245de385 (webtiles) character file.

Game seed: 12738378676959008028

3 KristoblXynda the Scratcher (level 1, -1/9 HPs)
             Began as a Felid Transmuter on June 21, 2019.
             Slain by a jackal (3 damage)
             ... on level 1 of the Dungeon.
             The game lasted 00:00:10 (26 turns).

KristoblXynda the Scratcher (Felid Transmuter)        Turns: 26, Time: 00:00:10

Health: -1/9       AC:  1    Str:  6    XL:     1   Next: 41%
Magic:  3/4        EV: 18    Int: 14    God:
Gold:   0          SH:  0    Dex: 16    Spells: 3/4 levels left
                                        Lives:  0   Deaths: 0

rFire    . . .     SeeInvis +     - Unarmed
rCold    . . .     Gourm    .   (shield unavailable)
rNeg     . . .     Faith    .   (armour unavailable)
rPois    .         Spirit   .   (helmet unavailable)
rElec    .         Reflect  .   (cloak unavailable)
rCorr    .         Harm     .   (gloves unavailable)
MR       .....                  (boots unavailable)
Stlth    ++........             (no amulet)
HPRegen  0.03/turn              (no ring)
MPRegen  0.09/turn              (no ring)

@: very slightly contaminated, lightly drained, quick
A: very small, no armour, no weapons or thrown items, stealth, claws 1, fangs 3,
see invisible, carnivore, speed 1, shaggy fur 1, slow metabolism 1, sharp paws
a: no special abilities


You were on level 1 of the Dungeon.
You were not hungry.

You visited 1 branch of the dungeon, and saw 1 of its levels.

Inventory:

Missiles
 a - 12 arrows
Comestibles
 c - a ration


   Skills:
 - Level 1.0(0.8) Fighting
 + Level 2.8(2.7) Dodging
 + Level 0.4(0.3) Stealth
 + Level 3.0(2.9) Unarmed Combat
 - Level 2.0(1.8) Spellcasting
 + Level 2.2(2.1) Transmutations


You had 3 spell levels left.
You knew the following spells:

 Your Spells              Type           Power        Failure   Level  Hunger
a - Beastly Appendage     Tmut           #.....       10%         1    ##.....

Your spell library contained the following spells:

 Spells                   Type           Power        Failure   Level  Hunger
 Sticks to Snakes         Tmut           #.......     16%         2    ###....
 Spider Form              Tmut/Pois      #.........   43%         3    ####...
 Ice Form                 Ice/Tmut       #.......     83%         4    #####..
 Blade Hands              Tmut           #.........   95%         5    ######.


Dungeon Overview and Level Annotations

Branches:
Dungeon (1/15)

Altars:


Innate Abilities, Weirdness & Mutations

You cannot wear armour.
You are incapable of wielding weapons or throwing items.
Your paws allow you to move quietly. (Stealth)
You have sharp claws.
You have razor-sharp teeth.
You have supernaturally acute eyesight. (SInv)
You are carnivorous and can eat meat at any time.
You cover ground quickly.
You are covered in fur. (AC +1)
You have a slow metabolism.
Your sharp claws are effective at attacking unaware monsters.


Message History

You closely miss the jackal. Your bite misses the jackal.
The jackal completely misses you.
You barely miss the jackal. You headbutt the jackal. You bite the jackal.
The jackal is almost dead.
The jackal closely misses you.
You barely miss the jackal. You headbutt the jackal.
You kill the jackal!
You scratch the jackal.
The jackal is lightly wounded.
The jackal misses you. The jackal completely misses you.
You barely miss the jackal. Your headbutt misses the jackal.
You bite the jackal, but do no damage.
The jackal is lightly wounded.
The jackal bites you.
* * * LOW HITPOINT WARNING * * *
You closely miss the jackal. You headbutt the jackal.
The jackal is moderately wounded.
Your horns disappear.
The jackal bites you.
You die...

....# ....+ #.
....## #. .....#
#.# .....# #..
.....#
####.#####.....##
#....8.@h.)......
#.##...##........
##.##.........
#'#....###...
#'#...## ..
##⌠##..# .
+⌠<⌠+..# ##⌠##..#
#+#


You could see a jackal.

Vanquished Creatures
  2 jackals (D:1)
  A kobold (D:1)
3 creatures vanquished.

Notes
Turn   | Place    | Note
-------+----------+-------------------------------------------
     0 | D:1      | KristoblXynda the Felid Transmuter began the quest for the
                  | Orb.
     0 | D:1      | Reached XP level 1. HP: 9/9 MP: 4/4
    26 | D:1      | Slain by a jackal

Levels and vault maps discovered:
D:1:      grunt_arrival_crossed_arrows, layout_basic

Action                   || total
-------------------------++-------
Melee: Unarmed           ||    14
       Headbutt          ||     4
       Bite              ||     3
 Cast: Beastly Appendage ||     1
Armor: Skin              ||     1
Dodge: Dodged            ||    11

Table legend:
 A = Non-vault XP
 B = Vault XP
 C = Vault XP percentage of total XP
 D = Non-vault monster count
 E = Vault monster count
 F = Vault count percentage of total count
                 A         B        C        D         E       F
            +---------+---------+-------+---------+---------+-------
      Total |       5 |       0 |   0.0 |       3 |       0 |   0.0
            +---------+---------+-------+---------+---------+-------
        D:1 |       5 |       0 |   0.0 |       3 |       0 |   0.0
            +---------+---------+-------+---------+---------+-------
